 Dungeon Crawl Stone Soup version 0.30-a0-743-gbfdf073431 (webtiles) character file.

Game seed: 9445660366083938917

168 Leeroy the Slasher (level 5, -3/26 HPs)
             Began as a Vine Stalker Warper on Feb 5, 2023.
             Was a Believer of Uskayaw.
             Slain by an ogre
             ... wielding a +0 giant spiked club
              (6 damage)
             ... on level 4 of the Dungeon.
             The game lasted 00:03:40 (2417 turns).

Leeroy the Slasher (Vine Stalker Warper)            Turns: 2417, Time: 00:03:41

Health: -3/26      AC: 12    Str: 13    XL:     5   Next: 49%
Magic:  0/9        EV:  3    Int: 13    God:    Uskayaw [**....]
Gold:   87         SH:  0    Dex: 16    Spells: 3/8 levels left

rFire   . . .      SeeInvis .    a - +0 falchion
rCold   . . .      Faith    .    (no shield)
rNeg    . . .      Spirit   +    q - +0 plate armour
rPois   .          Reflect  .    (no helmet)
rElec   .          Harm     .    (no cloak)
rCorr   .          Rampage  .    o - +0 pair of gloves
Will    .....                    f - +0 pair of boots Stlth
                                 (no amulet)
HPRegen 1.04/turn                (no ring)
MPRegen 0.11/turn                (no ring)

@: no status effects
A: fangs 2, regeneration 1, magic shield, antimagic bite, no potion heal 2
a: Renounce Religion, Stomp, Line Pass


You were on level 4 of the Dungeon.
You worshipped Uskayaw.
Uskayaw was noncommittal.
You visited 1 branch of the dungeon, and saw 4 of its levels.

You collected 87 gold pieces.

Inventory:

Hand Weapons
 a - a +0 falchion (weapon)
 r - a +0 dagger of venom
Missiles
 d - 7 boomerangs of dispersal (quivered)
 k - 3 poisoned darts
 l - a throwing net
Armour
 b - a +0 leather armour
 f - a +0 pair of boots (worn)
 o - a +0 pair of gloves (worn)
 q - a +0 plate armour (worn)
Scrolls
 c - a scroll of blinking
 i - 2 scrolls of teleportation {unknown}
 j - 2 scrolls of identify {unknown}
 m - a scroll of immolation {unknown}
 n - a scroll of fog {unknown}
 p - a scroll of noise {unknown}
Potions
 e - a potion of ambrosia {unknown}
 g - a potion of heal wounds {unknown}
 h - a potion of resistance {unknown}


   Skills:
 - Level 1.7 Fighting
 + Level 5.0 Long Blades
 - Level 0.8 Throwing
 - Level 0.7 Armour
 - Level 1.5 Dodging
 - Level 2.1 Spellcasting
 - Level 3.0 Translocations


You had 3 spell levels left.
You knew the following spells:

 Your Spells              Type           Power      Damage    Failure   Level
a - Blink                 Tloc           18%        N/A       100%        2
b - Vhi's Electric Charg  Tloc/Air       10%        N/A       100%        3

Your spell library contained the following spells:

 Spells                   Type           Power      Damage    Failure   Level
 Lesser Beckoning         Tloc           18%        N/A       100%        2
 Teleport Other           Tloc           9%         N/A       100%        3
 Manifold Assault         Tloc           9%         N/A       100%        4


Dungeon Overview and Level Annotations

Branches:
Dungeon (4/15)
 Temple: D:4-7

Altars:
Ashenzari
Elyvilon
Gozag
Hepliaklqana
Kikubaaqudgha
Nemelex Xobeh
Okawaru
Sif Muna
Trog
Uskayaw
Vehumet
Xom
Yredelemnul
The Shining One


Innate Abilities, Weirdness & Mutations

You have extremely sharp teeth.
Your natural rate of healing is unusually fast.
When hurt, damage is shared between your health and your magic reserves.
Your bite disrupts and absorbs the magic of your enemies.
Potions cannot restore your health.


Message History

A hobgoblin is nearby!
i - 2 scrolls labelled BIAK TAVATHRESUXUUGH (gained 1)
You hit the hobgoblin.
You kill the hobgoblin!
You can now stomp with the beat.
No target in view!
No target in view!
No target in view!
No target in view!
A goblin comes into view. It is wielding a +0 club.
The goblin shouts!
An ogre comes into view. It is wielding a +0 giant spiked club.
There are monsters nearby!
There is a large open door here.
The goblin hits you but does no damage.
You hit the goblin. You bite the goblin.
You kill the goblin!
You slash the ogre!
The ogre is moderately wounded.
The ogre barely misses you.
You hit the ogre.
The ogre is moderately wounded.
You can now pass through a line of other dancers.
You hit the ogre. You bite the ogre. You drain its power.
The ogre is severely wounded.
The ogre hits you with a +0 giant spiked club!!
Ouch! That really hurt!
You are too injured to fight recklessly!
You are too injured to fight recklessly!
You are too injured to fight recklessly!
You are too injured to fight recklessly!
You hit the ogre but do no damage. You bite the ogre. You drain its power.
You feel invigorated.
The ogre is severely wounded.
The ogre hits you with a +0 giant spiked club!
* * * LOW HITPOINT WARNING * * *
You hit the ogre. You bite the ogre, but do no damage.
The ogre is severely wounded.
The ogre hits you with a +0 giant spiked club!
You die...

.....# ......# #.#
.......## ...... #..
........#####......# #..
........#......##.###.#
♣......#...<..#.......
♣......#..............
♣......'...# ##...†..
♣......'.#.####....)..
♣....@.#.#..##........
♣...O..#.........##...
......$..#......#.......
........##.....##.......
.......##...........##..
......##............#...
.....##........#....#.#.
....# #........##.....#.
#####....#........


You could see an ogre.

Vanquished Creatures
  An orc wizard (D:3)
  4 adders
  3 worms
  2 dart slugs
  8 orcs (D:3)
  13 endoplasms
  3 giant cockroaches
  7 hobgoblins
  3 jackals (D:1)
  2 quokkas (D:2)
  8 ball pythons
  4 bats
  2 frilled lizards (D:2)
  8 goblins
  6 kobolds
  9 rats
83 creatures vanquished.

Notes
Turn   | Place    | Note
-------+----------+-------------------------------------------
     0 | D:1      | Leeroy the Vine Stalker Warper began the quest for the Orb.
     0 | D:1      | Reached XP level 1. HP: 11/11 MP: 4/4
   209 | D:1      | Reached skill level 2 in Long Blades
   367 | D:1      | Reached XP level 2. HP: 15/15 MP: 6/6
   740 | D:1      | Reached skill level 3 in Long Blades
   778 | D:2      | Reached XP level 3. HP: 16/18 MP: 7/7
  1160 | D:2      | Found a basalt altar of Yredelemnul.
  1463 | D:2      | Gained mutation: Your natural rate of healing is unusually
                  | fast. [Vine Stalker growth]
  1463 | D:2      | Reached XP level 4. HP: 23/23 MP: 8/8
  1532 | D:2      | Reached skill level 4 in Long Blades
  1805 | D:3      | Reached XP level 5. HP: 26/26 MP: 7/9
  2021 | D:3      | Learned a level 2 spell: Blink
  2025 | D:3      | Learned a level 3 spell: Vhi's Electric Charge
  2203 | D:3      | Reached skill level 5 in Long Blades
  2212 | D:3      | Found a white marble altar of Elyvilon.
  2213 | D:3      | Found a glowing golden altar of the Shining One.
  2215 | D:3      | Found a basalt altar of Yredelemnul.
  2218 | D:3      | Found a hazy altar of Hepliaklqana.
  2219 | D:3      | Found a shimmering blue altar of Sif Muna.
  2219 | D:3      | Found an opulent altar of Gozag.
  2219 | D:3      | Found a radiant altar of Vehumet.
  2219 | D:3      | Found an ancient bone altar of Kikubaaqudgha.
  2219 | D:3      | Found a bloodstained altar of Trog.
  2220 | D:3      | Found a sparkling altar of Nemelex Xobeh.
  2221 | D:3      | Found a broken altar of Ashenzari.
  2222 | D:3      | Found a shimmering altar of Xom.
  2223 | D:3      | Found a hide-covered altar of Uskayaw.
  2224 | D:3      | Found an iron altar of Okawaru.
  2238 | D:3      | Became a worshipper of Uskayaw the Reveller
  2401 | D:4      | Reached * piety under Uskayaw
  2408 | D:4      | Noticed an ogre
  2414 | D:4      | Reached ** piety under Uskayaw
  2417 | D:4      | Slain by an ogre

Illustrated notes

Levels and vault maps discovered:
D:1:      matt_arrival_refuge, layout_loops_ring
D:2:      minmay_diamond_boxcup, layout_loops_cross, basic_altar
D:3:      layout_basic, minitemple
D:4:      layout_cave_pools, kennysheep_big_empty_room

Skill      XL: |  1  2  3  4  5 |
---------------+----------------+-----
Long Blades    | 2 3 4 5 |  5.0
Fighting       | |  1.7
Throwing       | |  0.8
Armour         | |  0.7
Dodging        | |  1.5
Spellcasting   | |  2.1
Translocations | |  3.0

Action                     |  1- 3 |  4- 6 || total
---------------------------+-------+-------++-------
  Melee: Falchion          |   107 |   113 ||   220
         Bite              |    30 |    27 ||    57
         Punch             |     1 |     1 ||     2
   Stab: Sleeping          |     3 |     3 ||     6
 Armour: Leather armour    |    39 |    38 ||    77
         Plate armour      |       |    17 ||    17
  Dodge: Dodged            |    54 |    38 ||    92

Table legend: (Time is in decaauts)
 A = Elapsed time spent in this place.
 B = Non-inter-level travel time spent in this place.
 C = Inter-level travel time spent in this place.
 D = Time resting spent in this place.
 E = Time spent auto-exploring this place.
 F = Levels seen in this place.
 G = Mean time per level.
                   A        B        C        D        E       F      G
               +--------+--------+--------+--------+--------+-----+--------+
         Total |   2442 |   2296 |    146 |      0 |   1740 |   4 |  610.5 |
       Dungeon |   2442 |   2296 |    146 |      0 |   1740 |   4 |  610.5 |
               +--------+--------+--------+--------+--------+-----+--------+

Top non-repeatable levels by time:
     D:2: 958 daAuts
     D:1: 767 daAuts
     D:3: 663 daAuts
     D:4: 53 daAuts
